 Dungeon Crawl Stone Soup version 0.20.1-1-g8b1a95d (webtiles) character file.

28 letownia2 the Grave Robber (level 3, -18/28 HPs)
             Began as a Deep Dwarf Necromancer on Nov 7, 2017.
             Demolished by an ogre
             ... wielding a +0 giant club
              (21 damage)
             ... on level 4 of the Dungeon.
             The game lasted 00:05:16 (1014 turns).

letownia2 the Grave Robber (Deep Dwarf Necromancer) Turns: 1014, Time: 00:05:16

Health: -18/28     AC:  5    Str: 11    XL:     3   Next: 0%
Magic:  0/6        EV: 11    Int: 16    God:
Gold:   37         SH:  0    Dex: 13    Spells: 5/6 levels left

rFire    . . .     SeeInvis .   a - +0 spear
rCold    . . .     Gourm    .   (no shield)
rNeg     . . .     Faith    .   h - +0 ring mail
rPois    .         Spirit   .   (no helmet)
rElec    .         Reflect  .   (no cloak)
rCorr    +         Harm     .   (no gloves)
MR       .....                  (no boots)
Stlth    +.........             (no amulet)
Regen    0.0/turn               p - ring of resist corrosion
MPRegen  0.1/turn               (no ring)

@: non-regenerating
A: damage resistance, heal wounds, sense surroundings 1, no regeneration
a: Heal Wounds


You were on level 4 of the Dungeon.
You were not hungry.

You visited 1 branch of the dungeon, and saw 4 of its levels.

You collected 37 gold pieces.

Inventory:

Hand Weapons
 a - a +0 spear (weapon)
 f - a +0 dagger
 k - a +0 whip of electrocution
Armour
 h - a +0 ring mail (worn)
 n - a +0 robe
Jewellery
 p - a ring of resist corrosion (left hand)
Scrolls
 e - a scroll of remove curse {unknown}
 j - 2 scrolls of identify {unknown}
 o - a scroll of recharging {unknown}
Potions
 d - 3 potions of curing {unknown}
 g - a potion of ambrosia {unknown}
 i - a potion of mutation {unknown}
Books
 b - a book of Necromancy

   Spells                             Type                      Level
   a - Pain                           Necromancy                   1
   b - Animate Skeleton               Necromancy                   1
   c - Vampiric Draining              Necromancy                   3
   d - Regeneration                   Charms/Necromancy            3
   e - Animate Dead                   Necromancy                   4
   f - Control Undead                 Necromancy                   4
Comestibles
 c - 2 bread rations
 l - a royal jelly


   Skills:
 + Level 0.4 Armour
 - Level 2.1 Dodging
 - Level 2.4 Stealth
 - Level 2.0 Spellcasting
 + Level 5.2 Necromancy


You had 5 spell levels left.
You knew the following spells:

 Your Spells              Type           Power        Failure   Level  Hunger
a - Pain                  Necr           ###.         6%          1    #......


Dungeon Overview and Level Annotations

Branches:
Dungeon (4/15)
 Temple: D:4-7

Altars:
Cheibriados
Makhleb
Qazlal
Sif Muna
Trog
The Shining One

Portals:
Ossuary: D:4

Annotations:
D:3 Glamhuggeren's ghost, amateur DEAE


Innate Abilities, Weirdness & Mutations

You are resistant to damage.
You can heal yourself by infusing magical energy.
You passively map a small area around you.
You do not regenerate.


Message History

Unknown command.
You hit the ogre.
The ogre is heavily wounded.
The ogre barely misses you. The frilled lizard closely misses you.
Unknown command.
You hit the ogre.
The ogre is severely wounded.
The frilled lizard barely misses you.
You hit the ogre.
The ogre is severely wounded.
The ogre misses you. The frilled lizard closely misses you.
Unknown command.
Casting: Pain
Confirm with . or Enter, or press ? or * to list all spells.
Aiming: Pain
Press: ? - help, Shift-Dir - straight line, f/p - ogre
Aim: an ogre, wielding a giant club (severely wounded, chance to defeat MR: 78%)
The ogre writhes in agony!
The ogre hits you with a giant club!!
Ouch! That really hurt!
You die...

..#........ * .....#....#..
..†..............+ ,.....#....#..
..#..............#.......#....#..
..#.........##...#.......#....#..
..###>###...##...#.......#....'..
....#.###...##...+.......+..?.#..
....#..+.........#.......#....#..
....#..#....##...#.......#....###
....#..##...##..@#.......#.....#
....#..##...'....O.......#.....#
....'..#.####....#.......#.....#
....#..'######...#.......#.....#
....#####..+ #####.......##...##
##.....#...## ####... #...###
#..<......## * * .. #....'.
#......._.##, , , , . #....#.
#.........## , , +....#.


You could see an ogre.

Vanquished Creatures
  An adder (D:4)
  A dart slug (D:2)
  An orc (D:4)
  A ball python (D:3)
  A giant cockroach (D:1)
  2 goblins
  2 hobgoblins (D:3)
  A bat (D:1)
  3 frilled lizards
  A goblin zombie (D:4)
  A jackal skeleton (D:4)
  A leopard gecko skeleton (D:4)
  A quokka zombie (D:4)
  A rat (D:1)
18 creatures vanquished.

Notes
Turn   | Place    | Note
-------+----------+-------------------------------------------
     0 | D:1      | letownia2 the Deep Dwarf Necromancer began the quest for the Orb.
     0 | D:1      | Reached XP level 1. HP: 15/15 MP: 3/3
   350 | D:2      | Reached XP level 2. HP: 22/22 MP: 3/5
   427 | D:3      | Noticed Glamhuggeren's ghost (amateur DEAE)
   661 | D:4      | Reached skill level 5 in Necromancy
   854 | D:4      | Found a sand-covered staircase.
   916 | D:4      | Found a bloodstained altar of Trog.
   918 | D:4      | Found a deep blue altar of Sif Muna.
   923 | D:4      | Found a stormy altar of Qazlal.
   925 | D:4      | Found a glowing golden altar of the Shining One.
   925 | D:4      | Found a snail-covered altar of Cheibriados.
   926 | D:4      | Found a burning altar of Makhleb.
   958 | D:4      | Found a bloodstained altar of Trog.
   964 | D:4      | Reached XP level 3. HP: 26/28 MP: 3/6
  1000 | D:4      | Noticed an ogre
  1014 | D:4      | Demolished by an ogre

Skill      XL: |  1  2 |
---------------+-------+-----
Spellcasting   | 2 |  2.0
Necromancy     | 5 |  5.2
Armour         | |  0.4
Dodging        | |  2.1
Stealth        | |  2.4

Action                   || total
-------------------------++-------
Melee: Spear             ||    23
 Cast: Pain              ||    42
 Stab: Sleeping          ||     2
  Eat: Chunk             ||     1
Armor: Robe              ||     3
       Ring mail         ||     8
Dodge: Dodged            ||    35
